 Dungeon Crawl Stone Soup version 0.28-b1-70-g80dc712255 (webtiles) character file.

Game seed: 5352716170610461655

1358 Kranky the Blocker (level 8, -3/58 HPs)
             Began as a Gnoll Wanderer on Feb 4, 2022.
             Was a Believer of Okawaru.
             Slain by an orc knight (22 damage)
             ... in a bailey.
             The game lasted 00:17:42 (7513 turns).

Kranky the Blocker (Gnoll Wanderer)                 Turns: 7513, Time: 00:17:43

Health: -3/58      AC: 11    Str:  9    XL:     8   Next: 64%
Magic:  14/14      EV: 12    Int: 11    God:    Okawaru [**....]
Gold:   288        SH:  5    Dex: 17    Spells: 15/16 levels left

rFire   + . .      SeeInvis +   y - +1 glaive (venom)
rCold   . . .      Faith    .   (shield currently unavailable)
rNeg    . . .      Spirit   .   j - +2 ring mail {rF+}
rPois   .          Reflect  +   (no helmet)
rElec   .          Harm     .   m - +0 cloak
rCorr   +          Rampage  .   t - +0 pair of gloves
Will    .....                   e - +0 pair of boots
Stlth   ++........              p - amulet of reflection
HPRegen 0.19/turn               r - ring of resist corrosion
MPRegen 0.14/turn               x - ring of see invisible

@: no status effects
A: fangs 1, strong nose, distributed training
a: Renounce Religion, Heroism


You were in a bailey.
You worshipped Okawaru.
Okawaru was pleased with you.
You visited 1 branch of the dungeon, and saw 7 of its levels.
You also visited: Bailey.

You collected 288 gold pieces.

Inventory:

Hand Weapons
 g - a +0 hunting sling of freezing
 y - a +1 glaive of venom (weapon)
Missiles
 n - 80 stones (quivered)
 s - 2 sling bullets
Armour
 d - a +2 buckler
 e - a +0 pair of boots (worn)
 j - a +2 ring mail of fire resistance (worn)
 m - a +0 cloak (worn)
 t - a +0 pair of gloves (worn)
Jewellery
 a - a ring of protection from cold
 f - an amulet of magic regeneration
 p - an amulet of reflection (around neck)
 r - a ring of resist corrosion (left hand)
 x - a ring of see invisible (right hand)
Scrolls
 h - a scroll of fear {unknown}
 i - 2 scrolls of fog
 l - 5 scrolls of identify
 q - 2 scrolls of blinking
Potions
 k - 3 potions of degeneration
 o - a potion of curing {unknown}
 v - a potion of ambrosia {unknown}
 w - a potion of attraction {unknown}
 A - a potion of brilliance {unknown}


   Skills:
 + Level 3.4 Fighting
 + Level 3.4 Short Blades
 + Level 3.4 Long Blades
 + Level 3.4 Axes
 + Level 3.4 Maces & Flails
 + Level 3.4 Polearms
 + Level 3.4 Staves
 + Level 3.4 Slings
 + Level 3.4 Bows
 + Level 3.4 Crossbows
 + Level 3.4 Throwing
 + Level 3.4 Armour
 + Level 4.3 Dodging
 + Level 3.4 Stealth
 + Level 9.2 Shields
 + Level 3.4 Unarmed Combat
 + Level 4.5 Spellcasting
 + Level 2.8 Conjurations
 + Level 2.8 Hexes
 + Level 3.6 Summonings
 + Level 2.8 Necromancy
 + Level 2.8 Translocations
 + Level 2.8 Transmutations
 + Level 2.8 Fire Magic
 + Level 2.8 Ice Magic
 + Level 2.8 Air Magic
 + Level 2.8 Earth Magic
 + Level 2.8 Poison Magic
 + Level 3.8 Invocations
 + Level 7.4 Evocations


You had 15 spell levels left.
You knew the following spells:

 Your Spells              Type           Power      Damage    Failure   Level
a - Summon Small Mammal   Summ           40%        N/A       14%         1

Your spell library contained the following spells:

 Spells                   Type           Power      Damage    Failure   Level
 Beastly Appendage        Tmut           16%        N/A       19%         1
 Magic Dart               Conj           32%        1d4       19%         1
 Wereblood                Tmut           8%         N/A       28%         2
 Mephitic Cloud           Conj/Pois/Air  8%         N/A       50%         3
 Spider Form              Tmut/Pois      8%         N/A       50%         3
 Call Imp                 Summ           Unusable   N/A       N/A         2
 Summon Guardian Golem    Hex/Summ       Unusable   N/A       N/A         3

Dungeon Overview and Level Annotations

Branches:
Dungeon (7/15)             Temple (0/1) D:5          Bailey (1/1)

Altars:
Ashenzari
Cheibriados
Elyvilon
Okawaru
Xom


Innate Abilities, Weirdness & Mutations

You have very sharp teeth.
Your uncanny sense of smell can sniff out nearby items.
Your experience applies equally to all skills.


Message History

You reach to attack!
The orc knight shouts!
You slash the orc warrior!
The orc warrior looks as sick as possible!
The orc warrior is moderately wounded.
The orc warrior hits you but does no damage.
The orc knight roars a battlecry!
The orc warrior goes into a battle-frenzy!
You reach to attack!
You completely miss the orc warrior.
The orc warrior is heavily wounded.
The orc warrior closely misses you. The orc warrior barely misses you.
You reach to attack!
You closely miss the orc warrior.
The orc warrior is heavily wounded.
The orc warrior hits you from afar with a +0 trident!
You reach to attack!
You hit the orc warrior but do no damage.
The orc warrior looks as sick as possible!
The orc warrior is severely wounded.
An orc warrior comes into view. It is wielding a +0 glaive.
The orc warrior hits you from afar with a +0 trident!
The orc warrior hits you from afar with a +0 trident.
You kill the orc warrior!
Okawaru accepts your kill.
There is a large open door here.
You close the large door.
An orc knight opens the large door.
Things that are here:
a +0 spear; a +0 ring mail The orc knight hits you from afar with a +0 trident!
You are too injured to fight recklessly!
You are too injured to fight recklessly!
You are too injured to fight recklessly!
You are too injured to fight recklessly!
Reach: y) +1 glaive (venom)
Press: ? - help, Dir - move target, f - orc knight
Aim: an orc knight, wielding a +0 trident and wearing a +0 plate armour (about 44% to evade your +1 glaive of venom)
You reach to attack!
You barely miss the orc knight.
The orc knight hits you from afar with a +0 trident.
The orc knight hits you from afar with a +0 trident!!
You die...

# ∆∆∆∆∆∆#..# #. ∆∆∆∆
#.)# #..########..#
#...8...)8o..##
..............#
#♣♣♣♣#∆.####''####.$#
#≈≈..####....o...####.
#≈≈≈..................
#≈≈≈≈........@...♣....
#≈≈≈≈≈≈...#..).#...♣♣♣
≈≈≈≈≈≈≈≈≈#....#≈≈≈≈≈♣♣#
♣≈≈≈≈≈≈≈#....#≈≈≈≈≈≈≈#
♣.≈≈≈≈≈≈#..).#≈≈≈≈≈≈≈#
♣...≈≈≈≈#....#≈≈≈≈≈≈≈#
♣♣......#....#....≈≈≈#
♣♣................≈≈#
###.♣♣.......♣.♣..♣#


You could see an orc knight.

Vanquished Creatures
  2 orc warriors (Bailey)
  2 sky beasts (D:6)
  2 phantoms
  2 scorpions
  A howler monkey (D:6)
  A bullfrog zombie (D:6)
  A centaur zombie (D:6)
  2 centaur skeletons
  A jelly (D:6)
  3 hounds
  2 bullfrog skeletons (D:5)
  2 orc priests (D:6)
  2 iguanas
  2 orc wizards
  A hound skeleton (D:5)
  A howler monkey zombie (D:5)
  14 adders
  An adder skeleton (D:4)
  2 worms
  2 dart slugs
  7 orcs
  3 bats
  6 endoplasms
  4 giant cockroaches
  9 goblins
  7 hobgoblins
  3 jackals (D:1)
  10 ball pythons
  3 frilled lizards
  2 kobolds (D:1)
  4 rats
104 creatures vanquished.

Notes
Turn   | Place    | Note
-------+----------+-------------------------------------------
     0 | D:1      | Kranky the Gnoll Wanderer began the quest for the Orb.
     0 | D:1      | Kranky set off with the following items: a +0 dagger, a
                  | wand of flame (5), a +0 robe, a +2 buckler; and the
                  | following spell memorised: Summon Small Mammal; and the
                  | following spells available to memorise: Summon Guardian
                  | Golem
     0 | D:1      | Reached XP level 1. HP: 13/13 MP: 4/4
   101 | D:1      | Found a faded altar of an unknown god.
   236 | D:1      | Reached XP level 2. HP: 6/19 MP: 5/5
  1367 | D:1      | Reached XP level 3. HP: 23/25 MP: 7/7
  2168 | D:2      | Reached skill level 1 in Invocations
  2330 | D:2      | Reached skill level 1 in Fighting
  2330 | D:2      | Reached skill level 1 in Short Blades
  2330 | D:2      | Reached skill level 1 in Long Blades
  2330 | D:2      | Reached skill level 1 in Axes
  2330 | D:2      | Reached skill level 1 in Maces & Flails
  2330 | D:2      | Reached skill level 1 in Polearms
  2330 | D:2      | Reached skill level 1 in Staves
  2330 | D:2      | Reached skill level 1 in Slings
  2330 | D:2      | Reached skill level 1 in Bows
  2330 | D:2      | Reached skill level 1 in Crossbows
  2330 | D:2      | Reached skill level 1 in Throwing
  2330 | D:2      | Reached skill level 1 in Armour
  2330 | D:2      | Reached skill level 1 in Stealth
  2330 | D:2      | Reached skill level 1 in Unarmed Combat
  2441 | D:2      | Reached XP level 4. HP: 32/32 MP: 8/8
  2702 | D:3      | Found an iron altar of Okawaru.
  2715 | D:3      | Became a worshipper of Warmaster Okawaru
  2771 | D:3      | Found a broken altar of Ashenzari.
  3108 | D:3      | Found a shimmering altar of Xom.
  3140 | D:4      | Reached skill level 1 in Conjurations
  3140 | D:4      | Reached skill level 1 in Hexes
  3140 | D:4      | Reached skill level 1 in Necromancy
  3140 | D:4      | Reached skill level 1 in Translocations
  3140 | D:4      | Reached skill level 1 in Transmutations
  3140 | D:4      | Reached skill level 1 in Fire Magic
  3140 | D:4      | Reached skill level 1 in Ice Magic
  3140 | D:4      | Reached skill level 1 in Air Magic
  3140 | D:4      | Reached skill level 1 in Earth Magic
  3140 | D:4      | Reached skill level 1 in Poison Magic
  3170 | D:4      | Noticed a scorpion
  3180 | D:4      | Killed a scorpion
  3181 | D:4      | Reached XP level 5. HP: 17/37 MP: 9/9
  3639 | D:4      | Reached XP level 6. HP: 39/44 MP: 9/11
  4490 | D:4      | Reached * piety under Okawaru
  4519 | D:5      | Entered Level 5 of the Dungeon
  4691 | D:5      | Found a snail-covered altar of Cheibriados.
  4780 | D:5      | Reached XP level 7. HP: 47/50 MP: 12/12
  4981 | D:5      | Found a staircase to the Ecumenical Temple.
  5048 | D:5      | Found a white marble altar of Elyvilon.
  6082 | D:6      | Reached skill level 9 in Shields
  6096 | D:6      | Reached ** piety under Okawaru
  6175 | D:6      | Reached XP level 8. HP: 38/57 MP: 14/14
  7303 | D:7      | Found a flagged portal.
  7313 | Bailey   | Entered a bailey
  7498 | Bailey   | Noticed an orc knight
  7513 | Bailey   | Slain by an orc knight

Illustrated notes

Levels and vault maps discovered:
D:1:      amcnicky_arrival_feature_with_door, layout_basic,
          basic_ecumenical_altar, serial_curves, eino_curves_04, eino_curves_03,
          eino_curves_02, eino_curves_01, minmay_misc_feat_encased,
          minmay_misc_feat_square
D:2:      layout_basic
D:3:      layout_basic, okawaru_gym_becter, nicolae_overflow_hidden_temple,
          lemuel_doored_altar
D:4:      layout_basic, minmay_quadrilaterals
D:5:      layout_basic, mainiacjoe_overflow_24_doors, kennysheep_mini,
          temple_hall
D:6:      layout_cave_pools
D:7:      layout_basic, mainiacjoe_overflow_brackets, enter_bailey_3,
          uniq_prince_ribbit1
Bailey:   bailey_polearm_elven_captive_hellmonk, bailey

Skill      XL: |  1  2  3  4  5  6  7  8 |
---------------+-------------------------+-----
Summonings     | 2 3 |  3.6
Invocations    | 1 2 3 |  3.8
Fighting       | 1 2 3 |  3.4
Short Blades   | 1 2 3 |  3.4
Long Blades    | 1 2 3 |  3.4
Axes           | 1 2 3 |  3.4
Maces & Flails | 1 2 3 |  3.4
Polearms       | 1 2 3 |  3.4
Staves         | 1 2 3 |  3.4
Slings         | 1 2 3 |  3.4
Bows           | 1 2 3 |  3.4
Crossbows      | 1 2 3 |  3.4
Throwing       | 1 2 3 |  3.4
Armour         | 1 2 3 |  3.4
Stealth        | 1 2 3 |  3.4
Unarmed Combat | 1 2 3 |  3.4
Spellcasting   | 3 4 |  4.5
Conjurations   | 1 2 |  2.8
Hexes          | 1 2 |  2.8
Necromancy     | 1 2 |  2.8
Translocations | 1 2 |  2.8
Transmutations | 1 2 |  2.8
Fire Magic     | 1 2 |  2.8
Ice Magic      | 1 2 |  2.8
Air Magic      | 1 2 |  2.8
Earth Magic    | 1 2 |  2.8
Poison Magic   | 1 2 |  2.8
Dodging        | 3 4 |  4.3
Evocations     | 7 |  7.4
Shields        | 9 |  9.2

Action                   |  1- 3 |  4- 6 |  7- 9 || total
-------------------------+-------+-------+-------++-------
Melee: Dagger            |   183 |       |       ||   183
       Bite              |    19 |       |    28 ||    47
       Glaive            |       |       |   224 ||   224
 Fire: Hunting sling     |    20 |   234 |     7 ||   261
Evoke: Wand              |       |     3 |     2 ||     5
  Use: Scroll            |       |       |     7 ||     7
 Stab: Sleeping          |     1 |       |     2 ||     3
Armor: Robe              |    21 |       |       ||    21
       Ring mail         |    15 |    37 |   132 ||   184
Dodge: Dodged            |    73 |    38 |   161 ||   272
Block: Buckler           |    73 |    87 |       ||   160
       Other             |       |       |    55 ||    55
